Sharks vs Sabres
Created - February 14, 2018 at 23:00
Goals
|
Sharks |
0 |
2 |
1 |
1 |
4 |
Sabres |
2 |
0 |
1 |
0 |
3 |
|
Shots
|
Sharks |
2 |
12 |
4 |
2 |
20 |
Sabres |
12 |
4 |
12 |
0 |
28 |
|
1st period
1. Sabres , Andrei Loktionov 20 (Evander Kane 32, Zach Bogosian 35) at 6:42 (PP)
2. Sabres , Darcy Hordichuk 7 (Jared Cowen 20) at 9:48
Penalties :
Matt Martin (Buf) for Fighting (Major) at 3:24, Patrik Elias (SJS) for Fighting (Major) at 3:24, Brendon Nash (SJS) for Tripping (Minor) at 6:35, Jared Cowen (Buf) for Slashing (Minor) at 11:45, Brendon Nash (SJS) for Hooking (Minor) at 14:35
2nd period
3. Sharks , Frans Nielsen 26 (David Legwand 37, Kevin Shattenkirk 48) at 2:42
4. Sharks , Ryane Clowe 7 (Cal Clutterbuck 15, Chris Campoli 13) at 5:44
Penalties :
Zack Kassian (Buf) for Holding (Minor) at 15:17
3rd period
5. Sabres , Zack Kassian 19 (Ilya Kovalchuk 29, Ryan O'Reilly 19) at 2:40 (PP)
6. Sharks , Frans Nielsen 27 (Damien Brunner 11) at 4:59
Penalties :
Rob Schremp (SJS) for Hooking (Minor) at 2:03, Frans Nielsen (SJS) for Tripping (Minor) at 16:40
Overtime #1
7. Sharks , Patrick O'Sullivan 1 (Maxim Afinogenov 24, Brayden McNabb 3) at 2:45
Penalties :
No Penalty
Goalie Stats
Tyler Weiman (SJS), 25 saves from 28 shots - (0.893), W, 9-10-3, 62:45 minutes
Robin Lehner (Buf), 16 saves from 20 shots - (0.800), OTL, 27-9-3, 62:45 minutes
Players Stats for Sharks
Player Name G A P +/- PIM S H SB GA TA FO MP PP MP PK MP
------------------------------------------------------------------------------------
Brayden McNabb 0 1 1 2 0 0 1 0 0 1 0/0 14:45 0:00 0:02
Brendon Nash 0 0 0 0 4 0 1 0 0 0 0/0 15:30 0:00 0:00
Cal Clutterbuck 0 1 1 2 0 0 3 0 0 0 2/2 15:43 1:43 0:00
Chris Campoli 0 1 1 1 0 1 1 1 0 1 0/0 16:54 1:32 1:51
Damien Brunner 0 1 1 0 0 0 2 0 0 0 0/0 7:44 0:00 0:58
David Legwand 0 1 1 0 0 2 1 1 1 0 15/28 22:45 2:15 3:01
Erik Cole 0 0 0 0 0 0 1 1 0 0 0/0 7:14 0:00 0:37
Frans Nielsen 2 0 2 2 2 2 0 0 0 0 7/16 20:45 1:43 0:29
Kevin Shattenkirk 0 1 1 1 0 1 1 0 0 0 0/0 28:51 2:26 2:51
Mark Stuart 0 0 0 1 0 0 0 2 0 0 0/0 28:51 2:26 2:51
Maxim Afinogenov 0 1 1 1 0 3 1 0 0 0 1/2 19:58 2:15 1:04
Milan Michalek 0 0 0 0 0 2 1 0 0 1 0/1 22:45 2:15 3:01
Nick Palmieri 0 0 0 0 0 4 5 0 0 0 0/0 15:45 0:00 0:00
Patrick O'Sullivan 1 0 1 1 0 1 0 0 0 0 1/1 4:22 0:00 0:14
Patrik Elias 0 0 0 0 5 1 1 0 1 0 0/0 13:33 0:00 0:00
Rob Schremp 0 0 0 0 2 0 0 0 0 0 4/9 14:27 0:00 0:00
Ryane Clowe 1 0 1 2 0 2 2 0 1 0 0/0 15:43 1:43 0:00
Steve Montador 0 0 0 1 0 1 1 1 0 1 0/0 20:38 1:32 1:49
Players Stats for Sabres
Player Name G A P +/- PIM S H SB GA TA FO MP PP MP PK MP
------------------------------------------------------------------------------------
Andrei Loktionov 1 0 1 -1 0 3 3 0 2 0 8/18 20:40 2:27 0:00
Brad Richardson 0 0 0 1 0 1 1 0 0 0 0/0 6:43 0:05 0:02
Brandon Sutter 0 0 0 1 0 0 1 0 0 0 3/5 9:38 0:00 2:14
Darcy Hordichuk 1 0 1 1 0 1 0 0 1 0 0/0 8:07 0:00 2:06
Evander Kane 0 1 1 0 0 3 1 0 0 0 0/1 22:00 2:32 1:10
Ilya Kovalchuk 0 1 1 -2 0 4 2 2 1 0 1/2 22:05 2:10 0:34
Jakub Kindl 0 0 0 -1 0 0 0 1 0 0 0/0 14:09 0:00 0:25
Jared Cowen 0 1 1 0 2 0 1 2 0 2 0/0 22:57 2:05 1:14
Jordan Leopold 0 0 0 -1 0 1 1 1 0 0 0/0 14:24 0:00 0:50
Kyle Okposo 0 0 0 -1 0 3 6 1 0 1 1/1 21:24 2:27 0:00
Matt Martin 0 0 0 -2 5 0 2 1 0 0 0/1 10:52 0:00 0:55
Michael Kostka 0 0 0 0 0 1 3 5 0 0 0/0 23:38 2:05 2:21
Rob Scuderi 0 0 0 -2 0 2 1 2 0 0 0/0 25:08 2:37 1:33
Ryan O'Reilly 0 1 1 -1 0 3 1 1 0 0 14/23 19:42 2:10 0:21
Scottie Upshall 0 0 0 0 0 0 1 0 0 0 0/0 15:59 0:00 0:00
Vincent Lecavalier 0 0 0 -2 0 0 1 2 0 0 2/7 12:15 0:05 0:34
Zach Bogosian 0 1 1 -2 0 2 2 2 0 0 0/0 25:08 2:37 1:33
Zack Kassian 1 0 1 -2 2 4 2 0 0 0 0/1 12:10 2:10 0:00
3 Stars
1 - Frans Nielsen (SJS)
2 - Ryane Clowe (SJS)
3 - Cal Clutterbuck (SJS)
Power Play
Sharks - 0 on 2 Attempt(s) - 0.00%
Sabres - 2 on 4 Attempt(s) - 50.00%
Penalty Kill
Sharks - 2 on 4 Attempt(s) - 50.00%
- Score 0 goal in Penalty Kill
Sabres - 2 on 2 Attempt(s) - 100.00%
- Score 0 goal in Penalty Kill
Team Stat
Sharks - Hits : 22 - Faceoff Wins : 30 - Blocked Shots : 6 - Penalty Minutes : 13
Sabres - Hits : 29 - Faceoff Wins : 29 - Blocked Shots : 20 - Penalty Minutes : 9
Official
Referees : Marouelli Dan and O'Rourke Dan
Linesman : Jean Morin and Brad Lazarowich
Game Notes
Matt Martin and Patrik Elias fight to a draw at 3:24 of 1st period
Finance
Level 1 -- Attendance: 5589 (93.15%) -- Ticket Income $497,421
Level 2 -- Attendance: 4726 (94.52%) -- Ticket Income $255,204
Level 3 -- Attendance: 1832 (91.60%) -- Ticket Income $64,120
Level 4 -- Attendance: 3116 (77.90%) -- Ticket Income $87,248
Luxury Box -- Attendance: 909 (90.90%) -- Ticket Income $147,258
Game was played at the Duff Garden.
Total Attendance: 16172 (89.84%)
Total Ticket Income: $1,051,251
Other Income: $157,688
Total Income: $1,208,939
Sharks
5 vs 5 Forward
Center Left Wing Right Wing Time % Phy DF OF
1 David Legwand Milan Michalek Maxim Afinogenov 40 1 1 3
2 Frans Nielsen Ryane Clowe Cal Clutterbuck 30 2 1 2
3 Rob Schremp Patrik Elias Nick Palmieri 20 2 1 2
4 Frans Nielsen Erik Cole Damien Brunner 10 2 1 2
5 vs 5 Defense
Defense Defense Time % Phy DF OF
1 Kevin Shattenkirk Mark Stuart 40 2 1 2
2 Steve Montador Brendon Nash 30 2 1 2
3 Chris Campoli Brayden McNabb 20 2 1 2
4 Kevin Shattenkirk Mark Stuart 10 2 1 2
PowerPlay Forward
Center Left Wing Right Wing Time % Phy DF OF
1 David Legwand Milan Michalek Maxim Afinogenov 60 2 0 3
2 Frans Nielsen Ryane Clowe Cal Clutterbuck 40 2 0 3
PowerPlay Defense
Defense Defense Time % Phy DF OF
1 Kevin Shattenkirk Mark Stuart 60 1 1 3
2 Steve Montador Chris Campoli 40 1 1 3
Penalty Kill 4 Players Forward
Center Wing Time % Phy DF OF
1 David Legwand Milan Michalek 60 2 3 0
2 Frans Nielsen Maxim Afinogenov 40 2 3 0
Penalty Kill 4 Players Defense
Defense Defense Time % Phy DF OF
1 Kevin Shattenkirk Mark Stuart 60 2 3 0
2 Chris Campoli Steve Montador 40 2 3 0
Penalty Kill - 3 Players Forward
Forward Time % Phy DF OF
1 David Legwand 60 1 4 0
2 Milan Michalek 40 1 4 0
Penalty Kill - 3 Players Defense
Defense Defense Time % Phy DF OF
1 Kevin Shattenkirk Mark Stuart 60 1 4 0
2 Chris Campoli Steve Montador 40 1 4 0
4 vs 4 Forward
Center Wing Time % Phy DF OF
1 David Legwand Milan Michalek 60 1 1 3
2 Patrick O'Sullivan Maxim Afinogenov 40 1 1 3
4 vs 4 Defense
Defense Defense Time % Phy DF OF
1 Kevin Shattenkirk Mark Stuart 60 2 1 2
2 Brayden McNabb Steve Montador 40 2 1 2
Last Minutes Offensive
Center Left Wing Right Wing Defense Defense
David Legwand Milan Michalek Maxim Afinogenov Kevin Shattenkirk Mark Stuart
Last Minutes Defensive
Center Left Wing Right Wing Defense Defense
Frans Nielsen Milan Michalek Maxim Afinogenov Chris Campoli Steve Montador
Goaltenders
Starting : Tyler Weiman
Backup : Brent Krahn
Extra Forwards
Normal : Patrick O'Sullivan, Nick Palmieri, Damien Brunner - PP : Patrik Elias, Nick Palmieri - PK : Damien Brunner
Extra Defensemen
Normal : Chris Campoli, Brendon Nash, Brayden McNabb - PP : Brendon Nash - PK : Chris Campoli, Brayden McNabb
Penalty Shots
Rob Schremp, Milan Michalek, Maxim Afinogenov, Frans Nielsen, Patrick O'Sullivan
Scratches
Andrej Sekera (Strained Right Knee Injury), Boris Valabik (Healthy), Martin Erat (Healthy), T.J. Hensick (Healthy), Oskar Osala (Healthy)
Justin Pogge (Healthy)
Sabres
5 vs 5 Forward
Center Left Wing Right Wing Time % Phy DF OF
1 Andrei Loktionov Ilya Kovalchuk Kyle Okposo 37 0 2 3
2 Ryan O'Reilly Evander Kane Scottie Upshall 32 0 2 3
3 Vincent Lecavalier Matt Martin Zack Kassian 21 2 2 1
4 Brandon Sutter Darcy Hordichuk Brad Richardson 10 0 3 2
5 vs 5 Defense
Defense Defense Time % Phy DF OF
1 Zach Bogosian Rob Scuderi 42 0 2 3
2 Michael Kostka Jared Cowen 38 1 3 1
3 Jakub Kindl Jordan Leopold 20 0 4 1
4 Michael Kostka Jared Cowen 0 0 3 2
PowerPlay Forward
Center Left Wing Right Wing Time % Phy DF OF
1 Andrei Loktionov Evander Kane Kyle Okposo 58 0 0 5
2 Ryan O'Reilly Ilya Kovalchuk Zack Kassian 42 0 0 5
PowerPlay Defense
Defense Defense Time % Phy DF OF
1 Zach Bogosian Rob Scuderi 58 1 1 3
2 Michael Kostka Jared Cowen 42 1 1 3
Penalty Kill 4 Players Forward
Center Wing Time % Phy DF OF
1 Brandon Sutter Darcy Hordichuk 60 0 5 0
2 Vincent Lecavalier Ilya Kovalchuk 40 0 4 1
Penalty Kill 4 Players Defense
Defense Defense Time % Phy DF OF
1 Michael Kostka Jared Cowen 60 0 5 0
2 Zach Bogosian Rob Scuderi 40 0 4 1
Penalty Kill - 3 Players Forward
Forward Time % Phy DF OF
1 Brandon Sutter 60 0 5 0
2 Darcy Hordichuk 40 0 5 0
Penalty Kill - 3 Players Defense
Defense Defense Time % Phy DF OF
1 Michael Kostka Jared Cowen 60 0 5 0
2 Zach Bogosian Rob Scuderi 40 0 5 0
4 vs 4 Forward
Center Wing Time % Phy DF OF
1 Ryan O'Reilly Ilya Kovalchuk 60 1 2 2
2 Vincent Lecavalier Zack Kassian 40 1 2 2
4 vs 4 Defense
Defense Defense Time % Phy DF OF
1 Zach Bogosian Rob Scuderi 60 1 2 2
2 Michael Kostka Jared Cowen 40 1 2 2
Last Minutes Offensive
Center Left Wing Right Wing Defense Defense
Vincent Lecavalier Ilya Kovalchuk Kyle Okposo Zach Bogosian Michael Kostka
Last Minutes Defensive
Center Left Wing Right Wing Defense Defense
Brandon Sutter Ilya Kovalchuk Zack Kassian Zach Bogosian Jared Cowen
Goaltenders
Starting : Robin Lehner
Backup : Jonas Hiller
Extra Forwards
Normal : Ilya Kovalchuk, Kyle Okposo, Vincent Lecavalier - PP : Kyle Okposo, Vincent Lecavalier - PK : Matt Martin
Extra Defensemen
Normal : Jakub Kindl, Jordan Leopold, Michael Kostka - PP : Jakub Kindl - PK : Jordan Leopold, Michael Kostka
Penalty Shots
Ilya Kovalchuk, Vincent Lecavalier, Evander Kane, Darcy Hordichuk, Kyle Okposo
Scratches
Michael Haley (Healthy)
% Time on Ice - Sharks
Lines # - Real PCT - Wanted PCT - Time Play
Normal Forward
1 - 32% - 40% - 16:35
2 - 28% - 30% - 14:16
3 - 28% - 20% - 14:28
4 - 12% - 10% - 6:01
Normal Defense
1 - 39% - 40% - 19:47
2 - 31% - 30% - 16:04
3 - 25% - 20% - 12:57
4 - 5% - 10% - 2:32
PP Forward
1 - 57% - 60% - 2:15
2 - 43% - 40% - 1:43
PP Defense
1 - 61% - 60% - 2:26
2 - 39% - 40% - 1:32
PK Forward
1 - 77% - 60% - 3:38
2 - 23% - 40% - 1:04
PK Defense
1 - 61% - 60% - 2:53
2 - 39% - 40% - 1:49
PK3 Forward
1 - 0% - 60%
2 - 0% - 40%
PK3 Defense
1 - 0% - 60%
2 - 0% - 40%
44 Forward
1 - 92% - 60% - 2:32
2 - 8% - 40% - 0:13
44 Defense
1 - 46% - 60% - 1:16
2 - 54% - 40% - 1:29
Last Minute Offensive - 0:00
Last Minute Defensive - 0:00
Total
Forward - 62:45
Defense - 62:45
|
% Time on Ice - Sabres
Lines # - Real PCT - Wanted PCT - Time Play
Normal Forward
1 - 38% - 37% - 19:20
2 - 31% - 32% - 15:59
3 - 19% - 21% - 10:00
4 - 12% - 10% - 6:01
Normal Defense
1 - 39% - 42% - 20:10
2 - 36% - 38% - 18:21
3 - 25% - 20% - 12:49
4 - 0% - 0% - 0:00
PP Forward
1 - 54% - 58% - 2:32
2 - 46% - 42% - 2:10
PP Defense
1 - 56% - 58% - 2:37
2 - 44% - 42% - 2:05
PK Forward
1 - 86% - 60% - 3:24
2 - 14% - 40% - 0:34
PK Defense
1 - 61% - 60% - 2:25
2 - 39% - 40% - 1:33
PK3 Forward
1 - 0% - 60%
2 - 0% - 40%
PK3 Defense
1 - 0% - 60%
2 - 0% - 40%
44 Forward
1 - 100% - 60% - 2:45
2 - 0% - 40% - 0:00
44 Defense
1 - 62% - 60% - 1:43
2 - 38% - 40% - 1:02
Last Minute Offensive - 0:00
Last Minute Defensive - 0:00
Total
Forward - 62:45
Defense - 62:45
|
Play by Play
1st period
0:01 of 1st period - Ilya Kovalchuk wins face-off versus Maxim Afinogenov in neutral zone.
0:25 of 1st period - Mark Stuart is hit by Ryan O'Reilly and loses puck.
0:32 of 1st period - Snap shot by Evander Kane.
0:32 of 1st period - Stopped by Tyler Weiman without a rebound.
0:33 of 1st period - Rob Schremp wins face-off versus Vincent Lecavalier in Sharks zone.
2:35 of 1st period - Darcy Hordichuk is hit by Kevin Shattenkirk and loses puck.
3:12 of 1st period - Mark Stuart is hit by Zack Kassian and loses puck.
3:22 of 1st period - Icing by Rob Scuderi.
3:23 of 1st period - Rob Schremp wins face-off versus Matt Martin in Sabres zone.
3:24 of 1st period - Wrist shot by Nick Palmieri.
3:24 of 1st period - Stopped by Robin Lehner without a rebound.
3:24 of 1st period - Matt Martin and Patrik Elias fight to a draw.
3:24 of 1st period - Penalty to Matt Martin for Fighting.
3:24 of 1st period - Penalty to Patrik Elias for Fighting.
3:25 of 1st period - Frans Nielsen wins face-off versus Andrei Loktionov in Sabres zone.
3:28 of 1st period - Backhand shot by Ryane Clowe.
3:28 of 1st period - Shot Blocked by Rob Scuderi.
3:56 of 1st period - Off-side.
3:57 of 1st period - Ryan O'Reilly wins face-off versus David Legwand in neutral zone.
5:13 of 1st period - Off-side.
5:14 of 1st period - Andrei Loktionov wins face-off versus Milan Michalek in neutral zone.
5:17 of 1st period - David Legwand is hit by Andrei Loktionov and loses puck.
5:28 of 1st period - Snap shot by Ilya Kovalchuk.
5:28 of 1st period - Shot Misses the Net.
5:30 of 1st period - Backhand shot by Rob Scuderi.
5:30 of 1st period - Stopped by Tyler Weiman without a rebound.
5:31 of 1st period - Ryan O'Reilly wins face-off versus Frans Nielsen in Sharks zone.
5:40 of 1st period - Snap shot by Scottie Upshall.
5:40 of 1st period - Deflect By Frans Nielsen.
5:40 of 1st period - Shot Misses the Net.
5:40 of 1st period - Puck is out of play.
5:41 of 1st period - Cal Clutterbuck wins face-off versus Ryan O'Reilly in Sharks zone.
5:41 of 1st period - Cal Clutterbuck is hit by Zach Bogosian.
6:22 of 1st period - Snap shot by Ryane Clowe.
6:22 of 1st period - Shot Misses the Net.
6:24 of 1st period - Wrist shot by Ryane Clowe.
6:24 of 1st period - Stopped by Robin Lehner without a rebound.
6:25 of 1st period - Andrei Loktionov wins face-off versus David Legwand in Sabres zone.
6:35 of 1st period - Minor Penalty to Brendon Nash for Tripping.
6:36 of 1st period - Andrei Loktionov wins face-off versus David Legwand in Sharks zone.
6:42 of 1st period - Snap shot by Evander Kane.
6:42 of 1st period - Deflect By Andrei Loktionov.
6:42 of 1st period - Goal by Andrei Loktionov - Sharks : 0 - Sabres : 1.
6:43 of 1st period - David Legwand wins face-off versus Ilya Kovalchuk in neutral zone.
6:46 of 1st period - Snap shot by Maxim Afinogenov.
6:46 of 1st period - Shot Blocked by Ilya Kovalchuk.
7:00 of 1st period - Slapshot by Andrei Loktionov.
7:00 of 1st period - Shot Misses the Net.
7:10 of 1st period - Nick Palmieri is hit by Vincent Lecavalier and loses puck.
7:51 of 1st period - Zach Bogosian is hit by Milan Michalek and loses puck.
8:22 of 1st period - Slapshot by Zach Bogosian.
8:22 of 1st period - Deflect By Andrei Loktionov.
8:22 of 1st period - Stopped by Tyler Weiman with a rebound.
9:26 of 1st period - Wrist shot by Maxim Afinogenov.
9:26 of 1st period - Shot Blocked by Michael Kostka.
9:48 of 1st period - Snap shot by Darcy Hordichuk.
9:48 of 1st period - Goal by Darcy Hordichuk - Sharks : 0 - Sabres : 2.
9:49 of 1st period - Andrei Loktionov wins face-off versus David Legwand in neutral zone.
9:58 of 1st period - Backhand shot by Andrei Loktionov.
9:58 of 1st period - Shot Misses the Net.
10:00 of 1st period - Snap shot by Jakub Kindl.
10:00 of 1st period - Shot Misses the Net.
10:02 of 1st period - Wrist shot by Ilya Kovalchuk.
10:02 of 1st period - Deflect By Kyle Okposo.
10:02 of 1st period - Stopped by Tyler Weiman with a rebound.
10:04 of 1st period - Slapshot by Jakub Kindl.
10:04 of 1st period - Shot Blocked by Steve Montador.
10:06 of 1st period - Wrist shot by Ilya Kovalchuk.
10:06 of 1st period - Stopped by Tyler Weiman without a rebound.
10:07 of 1st period - Ryan O'Reilly wins face-off versus Frans Nielsen in Sharks zone.
10:49 of 1st period - Steve Montador is hit by Ilya Kovalchuk and loses puck.
11:11 of 1st period - Icing by Mark Stuart.
11:12 of 1st period - Frans Nielsen wins face-off versus Vincent Lecavalier in Sharks zone.
11:12 of 1st period - Kevin Shattenkirk is hit by Matt Martin and loses puck.
11:29 of 1st period - Kevin Shattenkirk is hit by Michael Kostka and loses puck.
11:45 of 1st period - Minor Penalty to Jared Cowen for Slashing.
11:46 of 1st period - Brandon Sutter wins face-off versus David Legwand in Sabres zone.
13:24 of 1st period - Wrist shot by Ilya Kovalchuk.
13:24 of 1st period - Stopped by Tyler Weiman with a rebound.
13:45 of 1st period - Penalty to Jared Cowen is over, Jared Cowen is back on ice.
13:58 of 1st period - Kevin Shattenkirk is hit by Matt Martin and loses puck.
14:09 of 1st period - Wrist shot by Jared Cowen.
14:09 of 1st period - Shot Misses the Net.
14:11 of 1st period - Slapshot by Jordan Leopold.
14:11 of 1st period - Stopped by Tyler Weiman without a rebound.
14:12 of 1st period - Rob Schremp wins face-off versus Andrei Loktionov in Sharks zone.
14:16 of 1st period - Off-side.
14:17 of 1st period - Andrei Loktionov wins face-off versus Rob Schremp in neutral zone.
14:35 of 1st period - Minor Penalty to Brendon Nash for Hooking.
14:36 of 1st period - David Legwand wins face-off versus Andrei Loktionov in Sharks zone.
14:48 of 1st period - Snap shot by Evander Kane.
14:48 of 1st period - Shot Blocked by Mark Stuart.
15:14 of 1st period - Slapshot by Ilya Kovalchuk.
15:14 of 1st period - Stopped by Tyler Weiman with a rebound.
15:32 of 1st period - Slapshot by Maxim Afinogenov.
15:32 of 1st period - Shot Misses the Net.
16:35 of 1st period - Penalty to Brendon Nash is over, Brendon Nash is back on ice.
16:59 of 1st period - Frans Nielsen is hit by Brandon Sutter.
17:06 of 1st period - Icing by Brandon Sutter.
17:07 of 1st period - Brandon Sutter wins face-off versus Rob Schremp in Sabres zone.
17:18 of 1st period - Snap shot by Vincent Lecavalier.
17:18 of 1st period - Shot Misses the Net.
19:10 of 1st period - Wrist shot by Kyle Okposo.
19:10 of 1st period - Stopped by Tyler Weiman with a rebound.
19:12 of 1st period - Slapshot by Kyle Okposo.
19:12 of 1st period - Stopped by Tyler Weiman with a rebound.
19:53 of 1st period - Andrei Loktionov is hit by Cal Clutterbuck and loses puck.
Goals for this period are 0 for Sharks vs 2 for Sabres.
Shots for this period are 2 for Sharks vs 12 for Sabres.
2nd period
0:01 of 2nd period - David Legwand wins face-off versus Ryan O'Reilly in neutral zone.
0:15 of 2nd period - Zach Bogosian is hit by Maxim Afinogenov and loses puck.
0:53 of 2nd period - Snap shot by Rob Schremp.
0:53 of 2nd period - Deflect By Patrik Elias.
0:53 of 2nd period - Shot Misses the Net.
0:53 of 2nd period - Puck is out of play.
0:54 of 2nd period - David Legwand wins face-off versus Ryan O'Reilly in Sabres zone.
0:57 of 2nd period - Snap shot by Milan Michalek.
0:57 of 2nd period - Stopped by Robin Lehner with a rebound.
0:59 of 2nd period - Wrist shot by Maxim Afinogenov.
0:59 of 2nd period - Shot Blocked by Jared Cowen.
1:01 of 2nd period - Wrist shot by Maxim Afinogenov.
1:01 of 2nd period - Stopped by Robin Lehner with a rebound.
1:03 of 2nd period - Slapshot by Brendon Nash.
1:03 of 2nd period - Deflect By David Legwand.
1:03 of 2nd period - Shot Blocked by Michael Kostka.
1:03 of 2nd period - Puck is out of play.
1:04 of 2nd period - Maxim Afinogenov wins face-off versus Evander Kane in Sabres zone.
1:07 of 2nd period - Snap shot by Milan Michalek.
1:07 of 2nd period - Shot Blocked by Michael Kostka.
1:21 of 2nd period - Wrist shot by Milan Michalek.
1:21 of 2nd period - Shot Misses the Net.
1:23 of 2nd period - Slapshot by Brendon Nash.
1:23 of 2nd period - Shot Misses the Net.
1:25 of 2nd period - Slapshot by Steve Montador.
1:25 of 2nd period - Shot Misses the Net.
1:29 of 2nd period - Wrist shot by Milan Michalek.
1:29 of 2nd period - Stopped by Robin Lehner without a rebound.
1:30 of 2nd period - Vincent Lecavalier wins face-off versus Frans Nielsen in Sabres zone.
1:41 of 2nd period - Wrist shot by Cal Clutterbuck.
1:41 of 2nd period - Shot Blocked by Zach Bogosian.
1:43 of 2nd period - Wrist shot by Kevin Shattenkirk.
1:43 of 2nd period - Shot Misses the Net.
1:45 of 2nd period - Snap shot by Frans Nielsen.
1:45 of 2nd period - Shot Misses the Net.
2:13 of 2nd period - Icing by Milan Michalek.
2:14 of 2nd period - Ryan O'Reilly wins face-off versus David Legwand in Sharks zone.
2:15 of 2nd period - Slapshot by Scottie Upshall.
2:15 of 2nd period - Deflect By Ryan O'Reilly.
2:15 of 2nd period - Stopped by Tyler Weiman with a rebound.
2:17 of 2nd period - Snap shot by Rob Scuderi.
2:17 of 2nd period - Shot Misses the Net.
2:26 of 2nd period - Snap shot by Ryan O'Reilly.
2:26 of 2nd period - Shot Misses the Net.
2:28 of 2nd period - Wrist shot by Ryan O'Reilly.
2:28 of 2nd period - Shot Hit the Post.
2:30 of 2nd period - Wrist shot by Evander Kane.
2:30 of 2nd period - Shot Misses the Net.
2:42 of 2nd period - Slapshot by Frans Nielsen.
2:42 of 2nd period - Goal by Frans Nielsen - Sharks : 1 - Sabres : 2.
2:43 of 2nd period - Ryan O'Reilly wins face-off versus David Legwand in neutral zone.
2:54 of 2nd period - Slapshot by Zach Bogosian.
2:54 of 2nd period - Deflect By Evander Kane.
2:54 of 2nd period - Shot Misses the Net.
2:54 of 2nd period - Puck is out of play.
2:55 of 2nd period - David Legwand wins face-off versus Ryan O'Reilly in Sharks zone.
3:14 of 2nd period - Zach Bogosian is hit by David Legwand and loses puck.
3:39 of 2nd period - Backhand shot by David Legwand.
3:39 of 2nd period - Stopped by Robin Lehner without a rebound.
3:40 of 2nd period - Frans Nielsen wins face-off versus Andrei Loktionov in Sabres zone.
3:43 of 2nd period - Wrist shot by Cal Clutterbuck.
3:43 of 2nd period - Shot Blocked by Jordan Leopold.
3:51 of 2nd period - Steve Montador is hit by Kyle Okposo and loses puck.
4:06 of 2nd period - Jordan Leopold is hit by Steve Montador and loses puck.
4:27 of 2nd period - Slapshot by Brendon Nash.
4:27 of 2nd period - Shot Misses the Net.
4:29 of 2nd period - Slapshot by Steve Montador.
4:29 of 2nd period - Shot Blocked by Jared Cowen.
4:31 of 2nd period - Slapshot by Steve Montador.
4:31 of 2nd period - Stopped by Robin Lehner with a rebound.
4:33 of 2nd period - Snap shot by Erik Cole.
4:33 of 2nd period - Shot Blocked by Matt Martin.
5:04 of 2nd period - Wrist shot by Ilya Kovalchuk.
5:04 of 2nd period - Stopped by Tyler Weiman with a rebound.
5:17 of 2nd period - Icing by Ryane Clowe.
5:18 of 2nd period - Frans Nielsen wins face-off versus Ryan O'Reilly in Sharks zone.
5:40 of 2nd period - Backhand shot by Chris Campoli.
5:40 of 2nd period - Shot Misses the Net.
5:42 of 2nd period - Snap shot by Cal Clutterbuck.
5:42 of 2nd period - Shot Blocked by Ilya Kovalchuk.
5:44 of 2nd period - Slapshot by Ryane Clowe.
5:44 of 2nd period - Goal by Ryane Clowe - Sharks : 2 - Sabres : 2.
5:45 of 2nd period - David Legwand wins face-off versus Ryan O'Reilly in neutral zone.
6:00 of 2nd period - Wrist shot by Evander Kane.
6:00 of 2nd period - Deflect By Ryan O'Reilly.
6:00 of 2nd period - Shot Blocked by David Legwand.
6:00 of 2nd period - Puck is out of play.
6:01 of 2nd period - Frans Nielsen wins face-off versus Andrei Loktionov in Sharks zone.
6:28 of 2nd period - Milan Michalek is hit by Rob Scuderi and loses puck.
7:19 of 2nd period - Brendon Nash is hit by Brad Richardson and loses puck.
7:36 of 2nd period - Off-side.
7:37 of 2nd period - David Legwand wins face-off versus Ryan O'Reilly in neutral zone.
8:04 of 2nd period - Kyle Okposo is hit by Ryane Clowe and loses puck.
8:32 of 2nd period - Matt Martin is hit by Nick Palmieri and loses puck.
8:49 of 2nd period - Brad Richardson is hit by Damien Brunner.
8:53 of 2nd period - Darcy Hordichuk is hit by Brendon Nash and loses puck.
9:36 of 2nd period - Slapshot by Zach Bogosian.
9:36 of 2nd period - Shot Blocked by Mark Stuart.
10:46 of 2nd period - Nick Palmieri is hit by Ilya Kovalchuk and loses puck.
10:55 of 2nd period - Michael Kostka is hit by Nick Palmieri and loses puck.
11:28 of 2nd period - Rob Schremp is hit by Kyle Okposo and loses puck.
11:49 of 2nd period - Brendon Nash is hit by Jared Cowen and loses puck.
12:05 of 2nd period - Snap shot by Nick Palmieri.
12:05 of 2nd period - Shot Misses the Net.
12:16 of 2nd period - Jakub Kindl is hit by Chris Campoli and loses puck.
12:23 of 2nd period - Nick Palmieri is hit by Kyle Okposo and loses puck.
12:42 of 2nd period - Kevin Shattenkirk is hit by Kyle Okposo and loses puck.
12:49 of 2nd period - Michael Kostka is hit by Patrik Elias and loses puck.
12:56 of 2nd period - Snap shot by Rob Schremp.
12:56 of 2nd period - Shot Misses the Net.
13:02 of 2nd period - Brayden McNabb is hit by Andrei Loktionov.
13:27 of 2nd period - Ilya Kovalchuk is hit by Nick Palmieri.
13:35 of 2nd period - Wrist shot by Nick Palmieri.
13:35 of 2nd period - Stopped by Robin Lehner with a rebound.
13:37 of 2nd period - Slapshot by Rob Schremp.
13:37 of 2nd period - Shot Misses the Net.
13:43 of 2nd period - Nick Palmieri is hit by Andrei Loktionov and loses puck.
13:50 of 2nd period - Wrist shot by Zach Bogosian.
13:50 of 2nd period - Shot Blocked by Chris Campoli.
14:02 of 2nd period - Andrei Loktionov is hit by Nick Palmieri.
14:13 of 2nd period - Slapshot by Nick Palmieri.
14:13 of 2nd period - Stopped by Robin Lehner with a rebound.
14:24 of 2nd period - Kevin Shattenkirk is hit by Kyle Okposo and loses puck.
14:30 of 2nd period - Off-side.
14:31 of 2nd period - Ryan O'Reilly wins face-off versus David Legwand in neutral zone.
15:06 of 2nd period - Slapshot by Kevin Shattenkirk.
15:06 of 2nd period - Stopped by Robin Lehner without a rebound.
15:07 of 2nd period - David Legwand wins face-off versus Vincent Lecavalier in Sabres zone.
15:17 of 2nd period - Minor Penalty to Zack Kassian for Holding.
15:18 of 2nd period - David Legwand wins face-off versus Brandon Sutter in Sabres zone.
15:26 of 2nd period - Snap shot by Maxim Afinogenov.
15:26 of 2nd period - Stopped by Robin Lehner without a rebound.
15:27 of 2nd period - David Legwand wins face-off versus Brandon Sutter in Sabres zone.
15:28 of 2nd period - Slapshot by Maxim Afinogenov.
15:28 of 2nd period - Stopped by Robin Lehner without a rebound.
15:29 of 2nd period - Brandon Sutter wins face-off versus David Legwand in Sabres zone.
15:34 of 2nd period - Snap shot by Darcy Hordichuk.
15:34 of 2nd period - Shot Misses the Net.
15:40 of 2nd period - Slapshot by Kevin Shattenkirk.
15:40 of 2nd period - Shot Blocked by Michael Kostka.
16:20 of 2nd period - Snap shot by Evander Kane.
16:20 of 2nd period - Stopped by Tyler Weiman with a rebound.
16:22 of 2nd period - Snap shot by Evander Kane.
16:22 of 2nd period - Shot Misses the Net.
17:17 of 2nd period - Penalty to Zack Kassian is over, Zack Kassian is back on ice.
18:33 of 2nd period - Icing by Brayden McNabb.
18:34 of 2nd period - Vincent Lecavalier wins face-off versus Frans Nielsen in Sharks zone.
18:35 of 2nd period - Slapshot by Zack Kassian.
18:35 of 2nd period - Stopped by Tyler Weiman with a rebound.
18:53 of 2nd period - Scottie Upshall is hit by Erik Cole and loses puck.
Goals for this period are 2 for Sharks vs 0 for Sabres.
Shots for this period are 12 for Sharks vs 4 for Sabres.
3rd period
0:01 of 3rd period - Ryan O'Reilly wins face-off versus David Legwand in neutral zone.
0:04 of 3rd period - David Legwand is hit by Scottie Upshall and loses puck.
0:22 of 3rd period - Icing by Ryan O'Reilly.
0:23 of 3rd period - Ryan O'Reilly wins face-off versus Frans Nielsen in Sabres zone.
0:52 of 3rd period - Wrist shot by Zack Kassian.
0:52 of 3rd period - Stopped by Tyler Weiman with a rebound.
0:58 of 3rd period - Slapshot by Brendon Nash.
0:58 of 3rd period - Shot Blocked by Ryan O'Reilly.
1:12 of 3rd period - Snap shot by Ryan O'Reilly.
1:12 of 3rd period - Stopped by Tyler Weiman without a rebound.
1:13 of 3rd period - Andrei Loktionov wins face-off versus Frans Nielsen in Sharks zone.
2:03 of 3rd period - Minor Penalty to Rob Schremp for Hooking.
2:04 of 3rd period - David Legwand wins face-off versus Andrei Loktionov in Sharks zone.
2:13 of 3rd period - Slapshot by Michael Kostka.
2:13 of 3rd period - Shot Misses the Net.
2:40 of 3rd period - Wrist shot by Zack Kassian.
2:40 of 3rd period - Goal by Zack Kassian - Sharks : 2 - Sabres : 3.
2:41 of 3rd period - Ryan O'Reilly wins face-off versus Frans Nielsen in neutral zone.
2:44 of 3rd period - Wrist shot by Ryan O'Reilly.
2:44 of 3rd period - Deflect By Evander Kane.
2:44 of 3rd period - Shot Misses the Net.
2:44 of 3rd period - Puck is out of play.
2:45 of 3rd period - Ryan O'Reilly wins face-off versus Frans Nielsen in Sharks zone.
3:18 of 3rd period - Slapshot by David Legwand.
3:18 of 3rd period - Stopped by Robin Lehner with a rebound.
3:30 of 3rd period - Wrist shot by Rob Schremp.
3:30 of 3rd period - Shot Blocked by Kyle Okposo.
3:35 of 3rd period - Icing by Ilya Kovalchuk.
3:36 of 3rd period - Andrei Loktionov wins face-off versus Frans Nielsen in Sabres zone.
3:36 of 3rd period - Andrei Loktionov is hit by Ryane Clowe.
4:02 of 3rd period - Kyle Okposo is hit by Nick Palmieri and loses puck.
4:49 of 3rd period - Snap shot by Kevin Shattenkirk.
4:49 of 3rd period - Deflect By Frans Nielsen.
4:49 of 3rd period - Shot Blocked by Vincent Lecavalier.
4:49 of 3rd period - Puck is out of play.
4:50 of 3rd period - Frans Nielsen wins face-off versus Zack Kassian in Sabres zone.
4:57 of 3rd period - Wrist shot by Damien Brunner.
4:57 of 3rd period - Shot Misses the Net.
4:59 of 3rd period - Snap shot by Frans Nielsen.
4:59 of 3rd period - Goal by Frans Nielsen - Sharks : 3 - Sabres : 3.
5:00 of 3rd period - Ryan O'Reilly wins face-off versus David Legwand in neutral zone.
5:05 of 3rd period - Milan Michalek is hit by Michael Kostka and loses puck.
5:12 of 3rd period - Slapshot by Scottie Upshall.
5:12 of 3rd period - Shot Misses the Net.
5:14 of 3rd period - Slapshot by Ryan O'Reilly.
5:14 of 3rd period - Shot Misses the Net.
5:16 of 3rd period - Slapshot by Evander Kane.
5:16 of 3rd period - Shot Misses the Net.
5:53 of 3rd period - Nick Palmieri is hit by Jordan Leopold and loses puck.
6:29 of 3rd period - Brendon Nash is hit by Zack Kassian and loses puck.
6:56 of 3rd period - Slapshot by Rob Scuderi.
6:56 of 3rd period - Deflect By Cal Clutterbuck.
6:56 of 3rd period - Stopped by Tyler Weiman with a rebound.
6:58 of 3rd period - Wrist shot by Zach Bogosian.
6:58 of 3rd period - Shot Misses the Net.
7:08 of 3rd period - Nick Palmieri is hit by Zach Bogosian and loses puck.
7:36 of 3rd period - Snap shot by Brad Richardson.
7:36 of 3rd period - Stopped by Tyler Weiman with a rebound.
7:38 of 3rd period - Slapshot by Jakub Kindl.
7:38 of 3rd period - Shot Misses the Net.
7:48 of 3rd period - Slapshot by Chris Campoli.
7:48 of 3rd period - Stopped by Robin Lehner with a rebound.
7:50 of 3rd period - Slapshot by Brayden McNabb.
7:50 of 3rd period - Shot Blocked by Jakub Kindl.
7:52 of 3rd period - Slapshot by Chris Campoli.
7:52 of 3rd period - Shot Blocked by Vincent Lecavalier.
8:40 of 3rd period - Off-side.
8:41 of 3rd period - Patrick O'Sullivan wins face-off versus Ryan O'Reilly in neutral zone.
8:55 of 3rd period - Wrist shot by Evander Kane.
8:55 of 3rd period - Shot Misses the Net.
8:57 of 3rd period - Backhand shot by Ryan O'Reilly.
8:57 of 3rd period - Shot Blocked by Erik Cole.
9:14 of 3rd period - Off-side.
9:15 of 3rd period - David Legwand wins face-off versus Andrei Loktionov in neutral zone.
9:42 of 3rd period - Ryan O'Reilly is hit by Cal Clutterbuck and loses puck.
10:07 of 3rd period - Wrist shot by Patrik Elias.
10:07 of 3rd period - Stopped by Robin Lehner without a rebound.
10:08 of 3rd period - Rob Schremp wins face-off versus Andrei Loktionov in Sabres zone.
10:19 of 3rd period - Snap shot by Ilya Kovalchuk.
10:19 of 3rd period - Shot Misses the Net.
10:21 of 3rd period - Slapshot by Michael Kostka.
10:21 of 3rd period - Stopped by Tyler Weiman without a rebound.
10:22 of 3rd period - David Legwand wins face-off versus Ryan O'Reilly in Sharks zone.
10:49 of 3rd period - Michael Kostka is hit by Cal Clutterbuck and loses puck.
11:03 of 3rd period - Icing by Kyle Okposo.
11:04 of 3rd period - Andrei Loktionov wins face-off versus Rob Schremp in Sabres zone.
11:09 of 3rd period - Slapshot by Michael Kostka.
11:09 of 3rd period - Deflect By Andrei Loktionov.
11:09 of 3rd period - Stopped by Tyler Weiman without a rebound.
11:10 of 3rd period - Ryan O'Reilly wins face-off versus Rob Schremp in Sharks zone.
11:13 of 3rd period - Snap shot by Evander Kane.
11:13 of 3rd period - Stopped by Tyler Weiman without a rebound.
11:14 of 3rd period - Ryan O'Reilly wins face-off versus Rob Schremp in Sharks zone.
11:39 of 3rd period - Snap shot by Patrik Elias.
11:39 of 3rd period - Shot Blocked by Zach Bogosian.
11:59 of 3rd period - Ryan O'Reilly is hit by Brayden McNabb and loses puck.
12:28 of 3rd period - Snap shot by Rob Schremp.
12:28 of 3rd period - Shot Misses the Net.
13:14 of 3rd period - Snap shot by Ryan O'Reilly.
13:14 of 3rd period - Stopped by Tyler Weiman without a rebound.
13:15 of 3rd period - Kyle Okposo wins face-off versus David Legwand in Sharks zone.
13:31 of 3rd period - Off-side.
13:32 of 3rd period - Frans Nielsen wins face-off versus Vincent Lecavalier in neutral zone.
13:43 of 3rd period - Wrist shot by Zack Kassian.
13:43 of 3rd period - Stopped by Tyler Weiman with a rebound.
13:45 of 3rd period - Slapshot by Jared Cowen.
13:45 of 3rd period - Shot Misses the Net.
13:47 of 3rd period - Snap shot by Matt Martin.
13:47 of 3rd period - Shot Misses the Net.
14:50 of 3rd period - Icing by Jordan Leopold.
14:51 of 3rd period - Cal Clutterbuck wins face-off versus Vincent Lecavalier in Sabres zone.
16:02 of 3rd period - Snap shot by David Legwand.
16:02 of 3rd period - Shot Misses the Net.
16:40 of 3rd period - Minor Penalty to Frans Nielsen for Tripping.
16:41 of 3rd period - David Legwand wins face-off versus Andrei Loktionov in Sharks zone.
16:41 of 3rd period - David Legwand is hit by Kyle Okposo.
16:57 of 3rd period - Slapshot by Zach Bogosian.
16:57 of 3rd period - Stopped by Tyler Weiman with a rebound.
17:31 of 3rd period - Slapshot by Zach Bogosian.
17:31 of 3rd period - Stopped by Tyler Weiman without a rebound.
17:32 of 3rd period - David Legwand wins face-off versus Andrei Loktionov in Sharks zone.
18:40 of 3rd period - Penalty to Frans Nielsen is over, Frans Nielsen is back on ice.
19:03 of 3rd period - Wrist shot by Darcy Hordichuk.
19:03 of 3rd period - Shot Misses the Net.
19:31 of 3rd period - Nick Palmieri is hit by Michael Kostka and loses puck.
Goals for this period are 1 for Sharks vs 1 for Sabres.
Shots for this period are 4 for Sharks vs 12 for Sabres.
Overtime #1
0:01 of 1st overtime period - Ryan O'Reilly wins face-off versus David Legwand in neutral zone.
0:48 of 1st overtime period - Wrist shot by Patrick O'Sullivan.
0:48 of 1st overtime period - Shot Blocked by Rob Scuderi.
0:50 of 1st overtime period - Wrist shot by Nick Palmieri.
0:50 of 1st overtime period - Stopped by Robin Lehner with a rebound.
1:24 of 1st overtime period - Brandon Sutter is hit by Damien Brunner.
1:28 of 1st overtime period - Steve Montador is hit by Evander Kane and loses puck.
1:35 of 1st overtime period - Slapshot by Mark Stuart.
1:35 of 1st overtime period - Shot Blocked by Michael Kostka.
2:45 of 1st overtime period - Wrist shot by Patrick O'Sullivan.
2:45 of 1st overtime period - Goal by Patrick O'Sullivan - Sharks : 4 - Sabres : 3.
Goals for this period are 1 for Sharks vs 0 for Sabres.
Shots for this period are 2 for Sharks vs 0 for Sabres.
Back to the Top